 Dungeon Crawl Stone Soup version 0.32-a0-136-gc02482bde3 (webtiles) character file.

Game seed: 5406702229080115983

485 SmokeWeed the Magician (level 7, -1/47 HPs)
             Began as a Djinni Fire Elementalist on Feb 10, 2024.
             Slain by Duvessa
             ... wielding a +2 rapier of venom
              (10 damage)
             ... on level 5 of the Dungeon.
             The game lasted 00:11:53 (3598 turns).

SmokeWeed the Magician (Djinni Fire Elementalist)   Turns: 3598, Time: 00:11:54

Health: -1/47      AC: 10    Str:  7    XL:     7   Next: 35%
Gold:   221        EV: 13    Int: 16    God:
                   SH:  0    Dex: 16

rFire   + + .        j - +2 short sword (protect)
rCold   x . .        (no shield)
rNeg    . . .        a - +0 robe
rPois   ∞            h - +0 helmet
rElec   .            (no cloak)
rCorr   .            b - +0 pair of gloves
SInv    .            (boots unavailable)
Will    .....        (no amulet)
Stlth   +++          (no ring)
HPRegen 0.27/turn    (no ring)
MPRegen 0.00/turn

%: infuse magic (-2 HP)
@: ice-armoured, flying
A: sickness immunity, fire resistance 2, cold vulnerability 1, float, innate
caster, HP casting, extra vitality 1
a: no special abilities


You were on level 5 of the Dungeon.
You visited 1 branch of the dungeon, and saw 5 of its levels.

You collected 221 gold pieces.

Inventory:

Hand Weapons
 e - a +0 long sword
 f - a +2 vampiric dagger
 j - a +2 short sword of protection (weapon)
Armour
 a - a +0 robe (worn)
 b - a +0 pair of gloves (worn)
 h - a +0 helmet (worn)
 p - a +0 kite shield
Magical Staves
 r - a staff of cold
Jewellery
 k - a +6 ring of strength
Talismans
 g - a flux talisman
Wands
 n - a wand of iceblast (5)
Scrolls
 i - a scroll of enchant armour {unknown}
 l - 2 scrolls of identify
Potions
 c - 2 potions of curing
 d - a potion of heal wounds
 m - 2 potions of haste
 o - a potion of berserk rage {unknown}
 q - a potion of invisibility {unknown}


   Skills:
 + Level 1.1 Fighting
 + Level 1.0 Short Blades
 + Level 0.2(0.6) Long Blades
 + Level 3.4 Dodging
 + Level 3.7 Stealth
 + Level 5.0 Spellcasting
 + Level 5.0 Conjurations
 + Level 5.0 Hexes
 + Level 5.0 Summonings
 + Level 5.0 Necromancy
 + Level 5.0 Translocations
 + Level 5.0 Fire Magic
 + Level 5.0 Ice Magic
 + Level 5.0 Air Magic
 + Level 5.0 Earth Magic
 + Level 5.0 Alchemy
 + Level 0.4 Evocations


You knew the following spells:

 Your Spells              Type           Power      Damage    Failure   Level
a - Foxfire               Conj/Fire      80%        2x1d8     1%          1
b - Scorch                Fire           40%        2d6       2%          2
c - Volatile Blastmotes   Fire/Tloc      40%        2d13      5%          3
d - Inner Flame           Hex/Fire       20%        N/A       5%          3
e - Flame Wave            Conj/Fire      20%        2d7       19%         4
f - Sandblast             Erth           40%        2d10      1%          1
g - Static Discharge      Conj/Air       40%        3-5/arc   2%          2
h - Ozocubu's Armour      Ice            20%        N/A       5%          3
Your spell library was empty.

Dungeon Overview and Level Annotations

Branches:
Dungeon (5/15)
 Temple: D:4-7

Altars:
Elyvilon
Ru

Annotations:
D:5 Duvessa


Innate Abilities, Weirdness & Mutations

You are immune to sickness and miasma.
You are immune to poison.
Your flesh is very heat resistant. (rF++)
You are vulnerable to cold. (rC-)
You float through the air rather than walking.
You learn spells naturally, not from books.
Your magical power is your life essence.
You have superior vitality. (+4 MHP)


Message History

Casting: Ozocubu's Armour (dangerous; 6% risk of failure)
Confirm with . or Enter, or press ? or * to list all spells.
Aiming: Sandblast (safe; 1% risk of failure)
Press: ? - help, Shift-Dir - straight line, f/p - Dowan
Aim: Dowan, wielding a +6 dagger of venom and wearing a +0 robe (heavily wounded, 75% to hit)
The blast of sand hits Dowan!
Dowan is almost dead.
Dowan hits you but does no damage.
Casting: Sandblast (safe; 1% risk of failure)
Confirm with . or Enter, or press ? or * to list all spells.
Aiming: Sandblast (safe; 1% risk of failure)
Press: ? - help, Shift-Dir - straight line, f/p - Dowan
Aim: Dowan, wielding a +6 dagger of venom and wearing a +0 robe (almost dead, 75% to hit)
The blast of sand hits Dowan.
You kill Dowan!
Duvessa screams in rage.
Duvessa goes berserk!
Duvessa hits you but does no damage.
Your Spellcasting skill increases to level 5!
Your Conjurations skill increases to level 5!
Your Hexes skill increases to level 5!
Your Summonings skill increases to level 5!
Your Necromancy skill increases to level 5!
Your Translocations skill increases to level 5!
Your Fire Magic skill increases to level 5!
Your Ice Magic skill increases to level 5!
Your Air Magic skill increases to level 5!
Your Earth Magic skill increases to level 5!
Your Alchemy skill increases to level 5!
Casting: Sandblast (safe; 1% risk of failure)
Confirm with . or Enter, or press ? or * to list all spells.
Aiming: Sandblast (safe; 1% risk of failure)
Press: ? - help, Shift-Dir - straight line, f - Duvessa
Aim: Duvessa, wielding a +2 rapier of venom and wearing a +0 chain mail (moderately wounded, berserk, 90% to hit)
The blast of sand hits Duvessa.
Duvessa is moderately wounded.
* * * LOW HITPOINT WARNING * * *
Duvessa hits you with a +2 rapier of venom.
* * * LOW HITPOINT WARNING * * *
Duvessa hits you with a +2 rapier of venom!
You die...

##+# ##.>.##
##.....## ##
##.......## #.##.##
#.........####.......
+.........'.@el....#
#.........####..<#.#
#.......## ..##
##.....## .## ##...##
.. ##'## ## # #.# ..#
#.######## #...##
#........#


You could see Duvessa (berserk) and an iguana.

Vanquished Creatures
  A phantom (D:4)
  A scorpion (D:5)
  Dowan (D:5)
  2 iguanas (D:4)
  Ijyb (D:3)
  2 orc wizards (D:3)
  4 gnolls (D:5)
  5 adders
  2 ribbon worms
  2 dart slugs
  12 orcs
  3 ball pythons
  An endoplasm (D:4)
  4 giant cockroaches
  9 goblins
  7 hobgoblins
  2 jackals (D:1)
  3 quokkas
  2 bats
  2 frilled lizards (D:1)
  11 kobolds
  6 rats
83 creatures vanquished.

Vanquished Creatures (others)
  328 foxfires
328 creatures vanquished.

Grand Total: 411 creatures vanquished

Notes
Turn   | Place    | Note
-------+----------+-------------------------------------------
     0 | D:1      | SmokeWeed the Djinni Fire Elementalist began the quest for
                  | the Orb.
     0 | D:1      | SmokeWeed set off with the following spells memorised:
                  | Foxfire, Scorch, Volatile Blastmotes, Inner Flame, Flame
                  | Wave.
     0 | D:1      | Reached XP level 1. HP: 15/15 MP: 0/0
   119 | D:1      | Reached XP level 2. HP: 21/21 MP: 0/0
   610 | D:1      | Reached XP level 3. HP: 22/25 MP: 0/0
   610 | D:1      | Learned a level 1 spell: Sandblast
  1140 | D:2      | Found a faded altar of an unknown god.
  1413 | D:2      | You are sucked into a shaft and drop 1 floor!
  1603 | D:3      | Reached XP level 4. HP: 30/31 MP: 0/0
  1669 | D:3      | Noticed Ijyb
  1680 | D:3      | Killed Ijyb
  1875 | D:3      | Reached XP level 5. HP: 27/36 MP: 0/0
  1875 | D:3      | Learned a level 2 spell: Static Discharge
  1880 | D:3      | Reached skill level 1 in Short Blades
  2582 | D:4      | Found a white marble altar of Elyvilon.
  2605 | D:4      | Reached XP level 6. HP: 39/41 MP: 0/0
  3239 | D:4      | Found a sacrificial altar of Ru.
  3473 | D:5      | Entered Level 5 of the Dungeon
  3511 | D:5      | Reached XP level 7. HP: 43/46 MP: 0/0
  3511 | D:5      | Learned a level 3 spell: Ozocubu's Armour
  3532 | D:5      | Reached skill level 1 in Fighting
  3582 | D:5      | Noticed Duvessa
  3586 | D:5      | Noticed Dowan
  3597 | D:5      | Killed Dowan
  3598 | D:5      | Reached skill level 5 in Spellcasting
  3598 | D:5      | Reached skill level 5 in Conjurations
  3598 | D:5      | Reached skill level 5 in Hexes
  3598 | D:5      | Reached skill level 5 in Summonings
  3598 | D:5      | Reached skill level 5 in Necromancy
  3598 | D:5      | Reached skill level 5 in Translocations
  3598 | D:5      | Reached skill level 5 in Fire Magic
  3598 | D:5      | Reached skill level 5 in Ice Magic
  3598 | D:5      | Reached skill level 5 in Air Magic
  3598 | D:5      | Reached skill level 5 in Earth Magic
  3598 | D:5      | Reached skill level 5 in Alchemy
  3598 | D:5      | Slain by Duvessa

Illustrated notes

Levels and vault maps discovered:
D:1:      grunt_arrival_crossed_arrows, layout_basic
D:2:      minmay_kobold_bridge, layout_loops_ring,
          shapermc_ecumenical_altar_acropolis, uniq_terence
D:3:      layout_basic, uniq_ijyb
D:4:      layout_loops_cross, marbit_many_paths,
          mainiacjoe_overflow_surrounded_room
D:5:      minmay_skewed_foursquare, layout_loops_corners,
          mainiacjoe_overflow_alcove_1,
          nicolae_dithmenos_through_a_glass_darkly,
          grunt_temple_overflow_diamond, ebering_ghost_gozag,
          chequers_serial_rivers_room_b, amcnicky_mini_pool_medium, uniq_duvessa

Skill      XL: |  1  2  3  4  5  6  7 |
---------------+----------------------+-----
Stealth        | 2 3 |  3.7
Dodging        | 3 |  3.4
Short Blades   | 1 |  1.0
Spellcasting   | 4 5 |  5.0
Conjurations   | 4 5 |  5.0
Hexes          | 4 5 |  5.0
Summonings     | 4 5 |  5.0
Necromancy     | 4 5 |  5.0
Translocations | 4 5 |  5.0
Fire Magic     | 4 5 |  5.0
Ice Magic      | 4 5 |  5.0
Air Magic      | 4 5 |  5.0
Earth Magic    | 4 5 |  5.0
Alchemy        | 4 5 |  5.0
Fighting       | 1 |  1.1
Long Blades    | |  0.2
Evocations     | |  0.4

Action                     |  1- 3 |  4- 6 |  7- 9 || total
---------------------------+-------+-------+-------++-------
  Melee: Unarmed           |     6 |       |       ||     6
         Short sword       |     2 |       |     4 ||     6
         Long sword        |     2 |       |       ||     2
   Cast: Foxfire           |   100 |   104 |       ||   204
         Scorch            |       |     2 |     4 ||     6
         Sandblast         |       |    25 |     7 ||    32
         Volatile Blastmot |       |     5 |       ||     5
         Ozocubu's Armour  |       |       |     3 ||     3
         Static Discharge  |       |       |     1 ||     1
  Evoke: Wand              |       |       |     2 ||     2
    Use: Scroll            |     2 |     5 |       ||     7
 Armour: Robe              |    12 |    14 |     8 ||    34
  Dodge: Dodged            |    24 |     6 |     7 ||    37

Table legend: (Time is in decaauts)
 A = Elapsed time spent in this place.
 B = Non-inter-level travel time spent in this place.
 C = Inter-level travel time spent in this place.
 D = Time resting spent in this place.
 E = Time spent auto-exploring this place.
 F = Levels seen in this place.
 G = Mean time per level.
                   A        B        C        D        E       F      G
               +--------+--------+--------+--------+--------+-----+--------+
         Total |   3611 |   3503 |    108 |    250 |   2538 |   5 |  722.2 |
       Dungeon |   3611 |   3503 |    108 |    250 |   2538 |   5 |  722.2 |
               +--------+--------+--------+--------+--------+-----+--------+

Top non-repeatable levels by time:
     D:3: 1068 daAuts
     D:1: 1007 daAuts
     D:4: 1001 daAuts
     D:2: 405 daAuts
     D:5: 128 daAuts
